AoeStats
← Gelekikker

Lombardia

510107700Analyzed
3v3 RM · 4d ago on Sep 29, 2026· 72m 45s· 6 players
Game mode
Random Map
Map size
Normal (6 player)
Population
200
Speed
Normal
Resources
Standard
Victory
Conquest
Starting age
Dark Age
Ending age
Imperial Age
RankedLock teamsTeams togetherTeam positionsShared explorationLock speedFull tech treeHidden civsTurbo modeCheats
Victory
Defeat
🇳🇱 Khmer · Netherlands
1190
+13
🇳🇱 Hindustanis · Netherlands
1185
+13
🇳🇱 Vietnamese · Netherlands
1000
+19
🇨🇳 Britons · China
1136
-16
🇨🇳 Varangians · China
1111
-15
🇨🇳 Spanish · China
1081
-14
98kar
10:35 Feudal Age
14:37 Castle Age
14:14 Double-Bit Axe
18:15 Horse Collar
21:15 Fletching
22:15 Bow Saw
22:59 Wheelbarrow
22:46 Stone Mining
22:58 Loom
23:13 Bodkin Arrow
23:39 Gold Mining
23:15 Crossbowman
24:03 Town Watch
24:20 Padded Archer Armor
24:27 Stone Mining
25:27 Gold Shaft Mining
25:44 Leather Archer Armor
27:04 Yeomen
28:55 Ballistics
31:28 Hand Cart
31:35 Masonry
31:15 Guard Tower
31:09 Treadmill Crane
35:20 Imperial Age
33:35 Town Patrol
36:04 Elite Longbowman
37:05 Conscription
36:48 Bracer
37:19 Ring Archer Armor
37:52 Chemistry
37:22 Architecture
36:59 Siege Engineers
37:34 Keep
36:44 Arrowslits
37:05 Siege Engineers
36:40 Pikeman
37:20 Squires
39:16 Halberdier
41:08 Two-Man Saw
45:24 Hoardings
50:55 Caravan
61:31 Onager
68:26 Sanctity
夏威
9:52 Feudal Age
14:58 Castle Age
13:20 Double-Bit Axe
15:00 Stone Mining
15:01 Gold Mining
17:06 Bow Saw
17:04 Loom
20:21 Scale Barding Armor
23:11 Padded Archer Armor
25:12 Stone Shaft Mining
24:29 Horse Collar
25:49 Wheelbarrow
26:56 Chain Barding Armor
32:26 Imperial Age
31:36 Hand Cart
32:19 Squires
31:41 Pikeman
32:31 Scale Mail Armor
34:23 Masonry
34:09 Murder Holes
34:25 Fortified Wall
34:14 Gambesons
35:35 Town Watch
35:52 Heavy Plow
35:15 Elite Conquistador
37:42 Plate Barding Armor
37:23 Leather Archer Armor
38:24 Conscription
37:36 Halberdier
40:50 Two-Man Saw
40:09 Chain Mail Armor
40:04 Forging
40:25 Ring Archer Armor
43:41 Chemistry
43:42 Plate Mail Armor
43:48 Iron Casting
45:46 Bloodlines
44:56 Light Cavalry
45:38 Husbandry
47:51 Hussar
48:42 Bloodlines
53:12 Blast Furnace
57:04 Fletching
57:22 Onager
咬不断的痰
12:55 Feudal Age
12:07 Loom
18:32 Town Watch
24:58 Castle Age
25:04 Pikeman
26:44 Pikeman
27:28 Squires
33:48 Double-Bit Axe
43:02 Husbandry
43:13 Bloodlines
50:15 Imperial Age
49:27 Scale Barding Armor
51:09 Forging
53:38 Wheelbarrow
54:15 Conscription
57:02 Horse Collar
57:01 Light Cavalry
57:41 Hussar
61:55 Chain Barding Armor
62:11 Iron Casting
61:52 Heavy Plow
63:55 Vendel Legacy
wtjebbe
7:05 Loom
9:30 Feudal Age
9:55 Double-Bit Axe
13:30 Horse Collar
20:42 Castle Age
19:38 Bloodlines
19:42 Forging
22:16 Gold Mining
22:17 Stone Mining
22:48 Husbandry
23:27 Iron Casting
22:59 Scale Barding Armor
24:26 Wheelbarrow
23:37 Town Watch
24:55 Bow Saw
24:55 Heavy Plow
27:01 Gold Shaft Mining
27:29 Chain Barding Armor
36:20 Imperial Age
34:06 Hand Cart
33:51 Town Patrol
34:51 Town Patrol
36:21 Stone Shaft Mining
38:39 Blast Furnace
38:15 Plate Barding Armor
37:03 Cavalier
40:52 Double Crossbow
42:38 Ballistics
42:25 Siege Engineers
43:21 Chemistry
42:18 Murder Holes
43:03 Heavy Scorpion
44:43 Fletching
46:16 Bodkin Arrow
51:42 Light Cavalry
56:50 Hussar
Gelekikker
4:53 Loom
9:40 Feudal Age
10:22 Double-Bit Axe
15:36 Castle Age
13:55 Horse Collar
15:02 Scale Barding Armor
15:59 Bloodlines
18:29 Husbandry
23:44 Wheelbarrow
23:39 Heavy Plow
25:27 Forging
25:44 Gold Mining
28:23 Iron Casting
27:47 Town Watch
30:13 Stone Mining
31:39 Hand Cart
34:04 Imperial Age
32:41 Ballistics
32:16 Murder Holes
32:51 Chain Barding Armor
33:33 Grand Trunk Road
36:02 Conscription
37:16 Chemistry
37:38 Plate Barding Armor
38:03 Blast Furnace
36:28 Heavy Camel Rider
39:45 Town Patrol
39:38 Fletching
39:49 Padded Archer Armor
41:09 Shatagni
40:51 Imperial Camel Rider
41:57 Bodkin Arrow
42:18 Leather Archer Armor
42:57 Bracer
44:05 Ring Archer Armor
43:44 Siege Engineers
45:11 Caravan
45:37 Light Cavalry
47:01 Hussar
48:11 Thumb Ring
47:27 Elite Skirmisher
48:29 Imperial Skirmisher
61:02 Hoardings
65:06 Masonry
Floppy
11:55 Feudal Age
12:02 Loom
12:55 Double-Bit Axe
15:32 Horse Collar
15:46 Gold Mining
20:08 Castle Age
18:18 Fletching
18:30 Padded Archer Armor
24:17 Crossbowman
25:03 Thumb Ring
24:22 Elite Skirmisher
28:19 Heavy Plow
29:00 Wheelbarrow
28:25 Stone Mining
28:54 Bodkin Arrow
29:15 Leather Archer Armor
29:15 Town Watch
35:17 Stone Shaft Mining
39:56 Husbandry
40:08 Bloodlines
44:02 Scale Barding Armor
44:42 Ballistics
45:45 Chain Barding Armor
45:29 Scale Mail Armor
49:09 Imperial Age
46:56 Hand Cart
51:02 Bow Saw
50:19 Imperial Skirmisher
51:05 Bracer
51:35 Ring Archer Armor
53:12 Paper Money
54:18 Coinage
59:47 Chemistry
58:47 Murder Holes
59:53 Crop Rotation
60:00 Crop Rotation
Connection lost

Rejoining the realm…

Still unreachable

The connection could not be restored.

Session expired

The server has moved on; the page needs a fresh start.